 Dungeon Crawl Stone Soup version 0.16.1-51-g6203257 (webtiles) character file.

553 JPUlisses the Insei (level 7, -8/63 HPs)
             Began as a Pale Draconian Monk on July 3, 2015.
             Killed by divine providence
             ... invoked by an orc priest
              (13 damage)
             ... on level 3 of the Dungeon.
             The game lasted 00:22:45 (3267 turns).

JPUlisses the Insei (Pale Draconian Monk)           Turns: 3267, Time: 00:22:45

Health: -8/63      AC:  9    Str: 13    XL:     7   Next: 8%
Magic:  7/7        EV: 13    Int: 10    God:
Gold:   128        SH:  0    Dex: 16    Spells: 0 memorised, 6 levels left

rFire  . . .     SeeInvis .       - Unarmed
rCold  . . .     Clarity  .     (armour unavailable)
rNeg   . . .     SustAb   .     (no shield)
rPois  .         Gourm    .     (helmet restricted)
rElec  .         Spirit   .     r - +0 cloak
rCorr  .         Warding  .     p - +1 pair of gloves
rMut   .         Stasis   .     (no boots)
MR     .....                    (no amulet)
Stlth  ++........               (no ring)
                                (no ring)

@: lethally poisoned (-8 -> -10), not resistant to hostile enchantments,
unstealthy
A: breathe steam, unfitting armour, cold-blooded, AC +6
a: Breathe Steam


You were on level 3 of the Dungeon.
You were not hungry.

You visited 1 branch of the dungeon, and saw 4 of its levels.

You collected 128 gold pieces.

Inventory:

Armour
 p - a +1 pair of gloves (worn)
 r - a +0 cloak (worn)
Jewellery
 h - an uncursed amulet of regeneration
Magical devices
 l - a wand of slowing (9)
Scrolls
 d - a scroll of teleportation {unknown}
 e - 3 scrolls of magic mapping {unknown}
 i - a scroll of remove curse {unknown}
 m - 3 scrolls of blinking {unknown}
 o - 3 scrolls of amnesia {unknown}
 s - a scroll of identify {unknown}
 u - 2 scrolls of recharging {unknown}
 w - a scroll of noise {unknown}
 x - a scroll of fear {unknown}
Potions
 g - a potion of agility {unknown}
 n - 3 potions of resistance {unknown}
 q - 2 potions of mutation {unknown}
 t - 2 potions of poison {unknown}
 v - a potion of haste {unknown}
 z - a potion of cancellation {unknown}
Comestibles
 a - a royal jelly
 b - 4 bread rations
 c - 4 meat rations
 f - 2 fruits
 j - 3 chunks of flesh
 k - a slice of pizza


   Skills:
 + Level 6.2 Fighting
 - Level 3.0 Dodging
 - Level 2.0 Stealth
 + Level 6.8 Unarmed Combat


You had 6 spell levels left.
You didn't know any spells.

Dungeon Overview and Level Annotations

Branches:
Dungeon (4/15)             Temple (0/1) D:4

Altars:
Elyvilon
Qazlal


Innate Abilities, Weirdness & Mutations

You can breathe blasts of scalding steam.
Your pale cyan-grey scales are hard (AC +6).
Your body does not fit into most forms of armour.
Your cold-blooded metabolism reacts poorly to cold.


Message History

The orc priest is severely wounded.
The orc closely misses you.
The orc priest hits you but does no damage.
The goblin hits you with a dagger.
* * * LOW HITPOINT WARNING * * *
The orc barely misses you. The worker ant misses you.
You hit the orc priest but do no damage.
The orc priest is severely wounded.
You feel sick. The orc misses you. The orc priest hits you.
* * * LOW HITPOINT WARNING * * *
The goblin hits you but does no damage. The worker ant bites you.
* * * LOW HITPOINT WARNING * * *
The orc hits you with a club.
* * * LOW HITPOINT WARNING * * *
You hit the orc priest but do no damage.
The orc priest is severely wounded.
The orc hits you but does no damage.
The orc priest calls down the wrath of Beogh upon you.
Something smites you!
You die...

##### #...#
###g#.##############
#.o@o...[[..........
###oa...############
#<#.#.#.............
#.......############
#...#.#.###
#.........#
#.#######)#
#.#######.#
#.#.....#.#


You could see a worker ant, an orc priest, 2 orcs and a goblin.

Vanquished Creatures
  A sky beast (D:2)
  A scorpion (D:4)
  2 hounds
  2 orc priests
  4 worker ants
  Ijyb (D:2)
  Jessica (D:2)
  Robin (D:2)
  4 adders
  2 worms
  The ghost of JPUlisses the Insei, a weakling DrTm (D:3)
  3 giant geckos (D:2)
  An ooze (D:1)
  10 orcs
  6 bats
  5 giant cockroaches
  7 goblins
  14 hobgoblins
  6 jackals
  13 kobolds
  A quokka (D:4)
  7 ball pythons (D:3)
  3 giant newts
  7 rats
103 creatures vanquished.

Vanquished Creatures (others)
  A kobold (D:2)
  4 toadstools (D:1)
5 creatures vanquished.

Grand Total: 108 creatures vanquished

Notes
Turn   | Place    | Note
--------------------------------------------------------------
     0 | D:1      | JPUlisses, the Draconian Monk, began the quest for the Orb.
     0 | D:1      | Reached XP level 1. HP: 19/19 MP: 1/1
   383 | D:1      | Reached XP level 2. HP: 23/26 MP: 2/2
   961 | D:2      | Noticed Robin
   973 | D:2      | Killed Robin
   973 | D:2      | Reached XP level 3. HP: 24/33 MP: 3/3
  1104 | D:2      | Noticed Jessica
  1109 | D:2      | Killed Jessica
  1135 | D:2      | Noticed Ijyb
  1156 | D:2      | Killed Ijyb
  1156 | D:2      | Reached XP level 4. HP: 27/40 MP: 4/4
  1237 | D:2      | Found a stormy altar of Qazlal.
  1275 | D:2      | Reached skill level 5 in Unarmed Combat
  1584 | D:2      | Found a white marble altar of Elyvilon.
  1965 | D:3      | Noticed JPUlisses' ghost (weakling DrTm)
  1971 | D:3      | Noticed a sky beast
  1983 | D:3      | Reached XP level 5. HP: 26/47 MP: 5/5
  2056 | D:3      | Reached skill level 5 in Fighting
  2183 | D:2      | Killed a sky beast
  2183 | D:2      | Reached XP level 6. HP: 14/56 MP: 6/6
  2245 | D:3      | Killed JPUlisses' ghost
  2329 | D:3      | Reached skill level 6 in Unarmed Combat
  2781 | D:4      | Found a staircase to the Ecumenical Temple.
  2900 | D:4      | Your scales start fading to a pale cyan-grey colour.
  2900 | D:4      | Reached XP level 7. HP: 58/63 MP: 7/7
  3267 | D:3      | Killed from afar by an orc priest

Action                   |  1- 3 |  4- 6 |  7- 9 || total
-------------------------+-------+-------+-------++-------
Melee: Unarmed           |   136 |   261 |    48 ||   445
 Stab: Sleeping          |       |     1 |       ||     1
  Eat: Chunk             |     1 |     7 |     1 ||     9
